 Dungeon Sprint DCSS version 0.30.1-9-gdf580d7c3d (webtiles) character file.

Game seed: 9263412643203777616

902 Heoruswealwe the Spear-Bearer (level 7, -6/73 HPs)
             Began as a Minotaur Fighter on Oct 5, 2023.
             Was an Initiate of Gozag.
             Mangled by an orc warrior
             ... wielding a +0 battleaxe
              (15 damage)
             ... in the Dungeon (Sprint IX: "|||||||||||||||||||||||||||||").
             The game lasted 00:02:57 (192 turns).

Heoruswealwe the Spear-Bearer (Minotaur Fighter)     Turns: 192, Time: 00:02:57

Health: -6/73      AC: 14    Str: 23    XL:     7   Next: 80%
Magic:  6/6        EV:  9    Int:  5    God:    Gozag
Gold:   0          SH:  0    Dex:  9    Spells: 6/6 levels left

rFire   . . .        b - +2 halberd (venom)
rCold   . . .        (shield currently unavailable)
rNeg    . . .        c - +1 chain mail
rPois   .            (helmet restricted)
rElec   .            h - +0 cloak
rCorr   .            (no gloves)
SInv    .            (no boots)
Will    .....        (no amulet) Stlth
                     (no ring)
HPRegen 0.32/turn    (no ring)
MPRegen 0.10/turn

%: no teleportation
@: gold aura
A: horns 2, retaliatory headbutt
a: Renounce Religion, Potion Petition, Call Merchant, Bribe Branch


You were in the Dungeon.
You worshipped Gozag.
Gozag was noncommittal.
You visited 1 branch

Inventory:

Hand Weapons
 a - a +0 trident
 b - a +2 halberd of venom (weapon)
Armour
 c - a +1 chain mail (worn)
 d - a +0 buckler
 h - a +0 cloak (worn)
Wands
 l - a wand of light (10)
Scrolls
 j - 2 scrolls of blinking
Potions
 e - 3 potions of curing
 g - a potion of haste
 i - a potion of berserk rage
 k - a potion of might


   Skills:
 + Level 10.9 Fighting
 * Level 14.4 Polearms
 + Level 10.9 Armour
 - Level 3.6 Shields


You had 6 spell levels left.
You didn't know any spells.
Your spell library was empty.

Dungeon Overview and Level Annotations

Branches:
Dungeon (1/1)

Altars:
Cheibriados
Dithmenos
Elyvilon
Fedhas
Gozag
Hepliaklqana
Kikubaaqudgha
Makhleb
Nemelex Xobeh
Okawaru
Qazlal
Ru
Sif Muna
Trog
Uskayaw
Vehumet
Wu Jian
Xom
Yredelemnul
Zin
The Shining One
Jiyva
Lugonu


Innate Abilities, Weirdness & Mutations

You have a pair of horns on your head.
You reflexively headbutt those who attack you in melee.


Message History

You headbutt the kobold demonologist.
The kobold demonologist is almost dead.
You kill the kobold demonologist!
The smoke demon disappears in a puff of smoke!
The centaur wields a +0 shortbow.
The centaur shoots an arrow.
The arrow barely misses you.
Your Fighting skill increases to level 10!
Your Polearms skill gained 2 levels and is now at level 14!
Your Armour skill increases to level 10!
The centaur unwields a +0 shortbow.
The centaur hits you.
* * * LOW HITPOINT WARNING * * *
The centaur kicks you but does no damage.
There is an open door to the Dungeon, spattered with blood here.
Items here: $ )) [[.
You hit the centaur.
The centaur is poisoned.
The centaur is lightly wounded.
The centaur hits you.
* * * LOW HITPOINT WARNING * * *
The centaur kicks you but does no damage.
The centaur hits you but does no damage.
The centaur kicks you but does no damage.
You impale the centaur!!
You kill the centaur!
You feel better.
The orc warrior hits you with a +0 battleaxe.
* * * LOW HITPOINT WARNING * * *
You feel better. The orc warrior misses you.
You hit the orc warrior but do no damage.
The orc warrior hits you with a +0 battleaxe!!
* * * LOW HITPOINT WARNING * * *
The steam dragon is distracted by your dazzling golden aura.
The steam dragon hisses angrily.
You hit the orc warrior.
The orc warrior is lightly wounded.
You hit the orc warrior but do no damage.
The orc warrior is poisoned.
You headbutt the orc warrior.
The orc warrior is moderately wounded.
The orc warrior hits you with a +0 battleaxe!
You die...
Your body crumbles into a pile of gold. $$$$$ $ $ $ $$$$$ $$$$$ $ ▓▓▓▓▓▓▓▓▓▓▓▓▓▓▓▓▓▓▓▓▓▓▓▓ +....Do@...=[[)?!'______ ▓▓▓▓▓▓▓▓▓▓▓▓▓▓▓▓▓▓▓▓▓▓▓▓

You could see a steam dragon and an orc warrior (very poisoned).

Vanquished Creatures
  2 kobold demonologists (D)
  A steam dragon (D)
  An ice beast (D)
  A centaur (D)
  A hound (D)
  An adder (D)
  2 orcs (D)
  A ball python (D)
  A hobgoblin (D)
  A quokka (D)
  2 rats (D)
14 creatures vanquished.

Notes
Turn   | Place    | Note
-------+----------+-------------------------------------------
     0 | D        | Heoruswealwe the Minotaur Fighter began the quest for the
                  | Orb.
     0 | D        | Reached XP level 1. HP: 19/19 MP: 0/0
     6 | D        | Reached skill level 3 in Polearms
    18 | D        | Noticed an ice beast
    18 | D        | Noticed a hound
    24 | D        | Killed a hound
    25 | D        | Reached skill level 5 in Fighting
    25 | D        | Reached skill level 5 in Polearms
    25 | D        | Reached skill level 5 in Armour
    25 | D        | Reached XP level 2. HP: 29/29 MP: 1/1
    25 | D        | Reached XP level 3. HP: 36/36 MP: 2/2
    27 | D        | Killed an ice beast
    28 | D        | Reached skill level 8 in Polearms
    28 | D        | Reached XP level 4. HP: 15/45 MP: 3/3
    33 | D        | Reached XP level 5. HP: 17/52 MP: 4/4
    34 | D        | Reached skill level 9 in Polearms
    39 | D        | Found a snail-covered altar of Cheibriados.
    39 | D        | Found a shadowy altar of Dithmenos.
    39 | D        | Found a white marble altar of Elyvilon.
    39 | D        | Found a blossoming altar of Fedhas.
    39 | D        | Found an opulent altar of Gozag.
    40 | D        | Found a hazy altar of Hepliaklqana.
    41 | D        | Found a viscous altar of Jiyva.
    42 | D        | Found an ancient bone altar of Kikubaaqudgha.
    43 | D        | Found a corrupted altar of Lugonu.
    44 | D        | Found a burning altar of Makhleb.
    45 | D        | Found a sparkling altar of Nemelex Xobeh.
    46 | D        | Found an iron altar of Okawaru.
    47 | D        | Became a worshipper of Gozag Ym Sagoz the Greedy
    48 | D        | Found a stormy altar of Qazlal.
    49 | D        | Found a sacrificial altar of Ru.
    50 | D        | Found a shimmering blue altar of Sif Muna.
    51 | D        | Found a bloodstained altar of Trog.
    52 | D        | Found a hide-covered altar of Uskayaw.
    53 | D        | Found a radiant altar of Vehumet.
    54 | D        | Found an ornate altar of the Wu Jian Council.
    55 | D        | Found a shimmering altar of Xom.
    56 | D        | Found a basalt altar of Yredelemnul.
    57 | D        | Found a glowing silver altar of Zin.
    58 | D        | Found a glowing golden altar of the Shining One.
   156 | D        | Noticed a steam dragon
   156 | D        | Noticed an orc warrior
   156 | D        | Noticed a centaur
   156 | D        | Noticed a kobold demonologist
   156 | D        | Noticed a kobold demonologist
   156 | D        | Noticed a steam dragon
   159 | D        | Killed a steam dragon
   160 | D        | Reached skill level 10 in Polearms
   160 | D        | Reached XP level 6. HP: 39/62 MP: 5/5
   173 | D        | Noticed a sun demon
   175 | D        | Killed a kobold demonologist
   176 | D        | Reached skill level 12 in Polearms
   176 | D        | Reached XP level 7. HP: 5/71 MP: 6/6
   177 | D        | Noticed a smoke demon
   184 | D        | Killed a kobold demonologist
   185 | D        | Reached skill level 10 in Fighting
   185 | D        | Reached skill level 14 in Polearms
   185 | D        | Reached skill level 10 in Armour
   192 | D        | Mangled by an orc warrior

Illustrated notes

Levels and vault maps discovered:
D:        linesprint [early_d, line_temple, items_1, d_10, items_2, lair_1,
          lair_end, items_3, orc_1, orc_end, items_4, d_15, swamp_1, shoals_1,
          snake_1, spider_1, d_20, vaults_1, items_5, swamp_end, shoals_end,
          snake_end, spider_end, vaults_end, d_27, items_6, zot_1, zot_end,
          crypt_end, forest_end, elf_end, slime_end, tomb_end, abyss_end,
          pan_hell_end]

Skill      XL: |  1  2  3  4  5  6  7 |
---------------+----------------------+-----
Polearms       | 5 8 10 12 14 | 14.4
Fighting       | 5 6 7 8 9 10 | 10.9
Armour         | 5 6 7 8 9 10 | 10.9
Shields        | |  3.6

Action                     |  1- 3 |  4- 6 |  7- 9 || total
---------------------------+-------+-------+-------++-------
  Melee: Trident           |    16 |     5 |       ||    21
         Headbutt          |     4 |     6 |     2 ||    12
         Halberd           |       |    18 |    12 ||    30
    Use: Potion            |       |     1 |     4 ||     5
 Armour: Scale mail        |     4 |       |       ||     4
         Chain mail        |       |     8 |    17 ||    25
  Dodge: Dodged            |     8 |     5 |     4 ||    17
  Block: Buckler           |     2 |       |       ||     2
